 Dungeon Crawl Stone Soup version 0.27.1 (webtiles) character file.

Game seed: 559152837768974914

19 Hoon the Skirmisher (level 2, -1/19 HPs)
             Began as a Gargoyle Monk on Aug 29, 2021.
             Slain by Natasha (3 damage)
             ... on level 2 of the Dungeon.
             The game lasted 00:08:24 (1070 turns).

Hoon the Skirmisher (Gargoyle Monk)                 Turns: 1070, Time: 00:08:25

Health: -1/19      AC: 10    Str: 14    XL:     2   Next: 75%
Magic:  11/11      EV:  6    Int: 10    God:
Gold:   36         SH:  0    Dex: 12    Spells: 1/1 levels left

rFire    . . .     SeeInvis .   g - +0 long sword
rCold    . . .     Faith    .   (no shield)
rNeg     + . .     Spirit   .   c - +0 chain mail
rPois    ∞         Reflect  .   (no helmet)
rElec    +         Harm     .   (no cloak)
rCorr    .         Rampage  .   (no gloves)
Will     .....                  (no boots)
Stlth    ..........             (no amulet)
HPRegen  0.06/turn              h - ring of magical power
MPRegen  0.12/turn              (no ring)

@: no status effects
A: sickness immunity, AC +2, negative energy resistance 1, electricity
resistance, torment resistance 1, petrification resistance
a: no special abilities


You were on level 2 of the Dungeon.
You visited 1 branch of the dungeon, and saw 2 of its levels.

You collected 36 gold pieces.

Inventory:

Hand Weapons
 g - a +0 long sword (weapon)
Armour
 c - a +0 chain mail (worn)
 e - a +0 plate armour
Jewellery
 h - a ring of magical power (left hand)
Scrolls
 d - 2 scrolls of identify {unknown}
Potions
 a - a potion of lignification {unknown}
 b - a potion of heal wounds {unknown}
 f - a potion of ambrosia {unknown}
 i - a potion of attraction {unknown}
 j - a potion of haste {unknown}


   Skills:
 + Level 3.6 Fighting
 + Level 3.0 Long Blades
 * Level 0.3 Armour
 + Level 2.5 Dodging
 + Level 2.3 Stealth


You had one spell level left.
You didn't know any spells.
Your spell library was empty.

Dungeon Overview and Level Annotations

Branches:
Dungeon (2/15)

Altars:

Annotations:
D:2 Natasha


Innate Abilities, Weirdness & Mutations

You are immune to sickness and miasma.
Your stone body is resilient. (AC +2)
You are immune to poison.
You resist negative energy. (rN+)
You are resistant to electric shocks. (rElec)
You are resistant to unholy torment.
You are immune to petrification.


Message History

As you open the door, it creaks loudly!
Found a ring mail and a pink potion.
There is an open door here.
Found a bubbling ruby potion.
i - a pink potion
j - a bubbling ruby potion You open the door.
There is an open door here.
You open the door.
There is an open door here.
Natasha, Servant of Life and Death comes into view.
Natasha hisses angrily.
There is an open door here.
Natasha casts a spell at you. The magic dart hits you.
There is an open door here.
Natasha mumbles some strange words.
Natasha claws you.
The crimson imp hits you but does no damage.
You completely miss Natasha. Natasha claws you but does no damage.
The crimson imp hits you but does no damage.
You hit Natasha.
Natasha is heavily wounded.
Natasha claws you!
* * * LOW HITPOINT WARNING * * *
The crimson imp hits you but does no damage.
Unknown command.
You slash the crimson imp!
The crimson imp is heavily wounded.
Natasha barely misses you.
You riposte.
You closely miss Natasha.
Natasha is heavily wounded.
The crimson imp barely misses you. Natasha claws you.
* * * LOW HITPOINT WARNING * * *
Unknown command.
You closely miss the crimson imp.
The crimson imp is heavily wounded.
The crimson imp barely misses you.
You riposte.
You slash the crimson imp!
You kill the crimson imp!
Natasha claws you.
You die...

# #...#
#.#...#
.###.#...#
.........#
.........#
#####.#'##
#.#.#
#.#h######
#...@....#
#........#
#####........#
#.......######
#.......#
#.......#
#.......#
#.....[.#
#.......#


You could see Natasha.

Vanquished Creatures
  An adder (D:2)
  A ball python (D:1)
  An endoplasm (D:1)
  2 giant cockroaches (D:1)
  A hobgoblin (D:1)
  A kobold (D:1)
  A quokka (D:1)
  A frilled lizard (D:1)
9 creatures vanquished.

Vanquished Creatures (others)
  A fungus (D:1)
1 creature vanquished.

Grand Total: 10 creatures vanquished

Notes
Turn   | Place    | Note
-------+----------+-------------------------------------------
     0 | D:1      | Hoon the Gargoyle Monk began the quest for the Orb.
     0 | D:1      | Reached XP level 1. HP: 14/14 MP: 1/1
   349 | D:1      | Reached XP level 2. HP: 19/19 MP: 2/2
   508 | D:1      | Found a faded altar of an unknown god.
  1056 | D:2      | Noticed Natasha
  1066 | D:2      | Noticed a crimson imp
  1070 | D:2      | Slain by Natasha

Illustrated notes

Levels and vault maps discovered:
D:1:      dpeg_arrival_prison, layout_loops_ring,
          shapermc_ecumenical_altar_pompeii
D:2:      layout_basic, minmay_misc_feat_enclosed, uniq_natasha

Skill      XL: |  1  2 |
---------------+-------+-----
Long Blades    | 3 |  3.0
Fighting       | |  3.6
Armour         | |  0.3
Dodging        | |  2.5
Stealth        | |  2.3

Action                   || total
-------------------------++-------
Melee: Falchion          ||    24
       Long sword        ||    19
 Stab: Sleeping          ||     2
Armor: Robe              ||     2
       Chain mail        ||    20
Dodge: Dodged            ||    25
       Rpst.: Falchion   ||     4
       Long sword        ||     5
